 Dungeon Crawl Stone Soup version 0.27-a0-789-g6bb3289e1e (webtiles) character file.

Game seed: 6711761528382655624

1850 Hasart the Stinger (level 8, -5/52 HPs)
             Began as a Mummy Venom Mage on Mar 26, 2021.
             Was an Initiate of Ashenzari.
             Slain by a wyvern zombie (13 damage)
             ... on level 7 of the Dungeon.
             The game lasted 00:17:20 (8184 turns).

Hasart the Stinger (Mummy Venom Mage)               Turns: 8184, Time: 00:17:21

Health: -5/52      AC:  4    Str: 11    XL:     8   Next: 88%
Magic:  15/17      EV: 12    Int: 22    God:    Ashenzari [......]
Gold:   299        SH:  5    Dex: 13    Spells: 4/19 levels left

rFire    x . .     SeeInvis .   s - +5 spear (venom)
rCold    + . .     Faith    .   (no shield)
rNeg     + + +     Spirit   .   a - +0 robe
rPois    ∞         Reflect  +   (no helmet)
rElec    .         Harm     .   c - +0 cloak
rCorr    .         Rampage  .   r - +0 pair of gloves
Will     ++...                  (no boots)
Stlth    ++........             n - amulet of reflection
HPRegen  0.17/turn              k - ring of willpower
MPRegen  0.15/turn              l - +6 ring of intelligence

@: no status effects
A: cold resistance 1, negative energy resistance 3, torment resistance 2,
unbreathing 1, heat vulnerability 1, no potions
a: Renounce Religion, Curse Item


You were on level 7 of the Dungeon.
You worshipped Ashenzari.
Ashenzari was noncommittal.
You visited 2 branches of the dungeon, and saw 8 of its levels.

You collected 299 gold pieces.

Inventory:

Hand Weapons
 s - a +5 spear of venom (weapon)
Armour
 a - a +0 robe (worn)
 c - a +0 cloak (worn)
 r - a +0 pair of gloves (worn)
Jewellery
 h - a +6 ring of strength
 k - a ring of willpower (right hand)
 l - a +6 ring of intelligence (left hand)
 n - an amulet of reflection (around neck)
 p - a +4 ring of evasion
Wands
 d - a wand of acid (5)
Scrolls
 b - 2 scrolls of enchant weapon
 e - 8 scrolls of identify
 f - a scroll of brand weapon
 g - 2 scrolls of blinking
 i - 2 scrolls of silence
 j - 3 scrolls of teleportation
 m - 2 scrolls of vulnerability
 o - a scroll of amnesia
 q - a scroll of summoning


   Skills:
 - Level 3.0 Dodging
 - Level 1.5 Stealth
 + Level 6.0 Spellcasting
 + Level 2.3 Conjurations
 + Level 2.3 Summonings
 + Level 3.6 Transmutations
 + Level 2.3 Fire Magic
 + Level 2.2 Air Magic
 * Level 6.0 Poison Magic


You had 4 spell levels left.
You knew the following spells:

 Your Spells              Type           Power      Damage    Failure   Level
a - Sting                 Tmut/Pois      100%       1d8       1%          1
b - Poisonous Vapours     Pois/Air       48%        N/A       2%          2
c - Mephitic Cloud        Conj/Pois/Air  22%        N/A       6%          3
d - Ignite Poison         Fire/Tmut/Pois 24%        N/A       5%          3
e - Call Imp              Summ           16%        N/A       5%          2
f - Olgreb's Toxic Radia  Pois           33%        N/A       8%          4

Your spell library contained the following spells:

 Spells                   Type           Power      Damage    Failure   Level
 Summon Small Mammal      Summ           64%        N/A       3%          1
 Call Canine Familiar     Summ           16%        N/A       11%         3
 Summon Guardian Golem    Hex/Summ       11%        N/A       17%         3
 Summon Lightning Spire   Summ/Air       16%        N/A       34%         4
 Summon Ice Beast         Ice/Summ       11%        N/A       50%         4


Dungeon Overview and Level Annotations

Branches:
Dungeon (7/15)             Temple (1/1) D:5

Altars:
Ashenzari
Cheibriados
Dithmenos
Elyvilon
Fedhas
Gozag
Hepliaklqana
Kikubaaqudgha
Makhleb
Nemelex Xobeh
Okawaru
Qazlal
Ru
Sif Muna
Trog
Uskayaw
Vehumet
Wu Jian
Xom
Yredelemnul
Zin
The Shining One

Shops:
D:1 :


Innate Abilities, Weirdness & Mutations

You are immune to poison.
Your flesh is cold resistant. (rC+)
You are immune to negative energy. (rN+++)
You are immune to unholy pain and torment.
You can survive without breathing.
You are vulnerable to heat. (rF-)
You do not drink.


Message History

The shadow imp hits you but does no damage.
Unknown command.
You hit the shadow imp.
You kill the shadow imp!
A wyvern zombie comes into view.
A wyvern zombie is nearby!
Found 8 gold pieces.
Casting: Sting (safe; 1% risk of failure)
Confirm with . or Enter, or press ? or * to list all spells.
Aiming: Sting (safe; 1% risk of failure)
Press: ? - help, Shift-Dir - straight line, f - wyvern zombie
Aim: a wyvern zombie (8% to evade)
The sting hits the wyvern zombie.
The wyvern zombie is lightly damaged.
The wyvern zombie bites you!
You hit the wyvern zombie.
The wyvern zombie is lightly damaged.
The wyvern zombie bites you!
Unknown command.
Casting: Sting (safe; 1% risk of failure)
Confirm with . or Enter, or press ? or * to list all spells.
A beastly little devil appears in a puff of flame.
The wyvern zombie barely misses you.
Unknown command.
You hit the wyvern zombie.
The wyvern zombie is moderately damaged.
The wyvern zombie bites you! You block the wyvern zombie's attack.
Your crimson imp hits the wyvern zombie.
Unknown command.
You hit the wyvern zombie.
The wyvern zombie is heavily damaged.
The wyvern zombie bites you!
* * * LOW HITPOINT WARNING * * *
Your crimson imp hits the wyvern zombie.
Unknown command.
Your crimson imp barely misses the wyvern zombie.
The wyvern zombie bites you.
* * * LOW HITPOINT WARNING * * *
The wyvern zombie bites you!
You die...

#.####.....##
#...........#
##......#####
#..#####
#..######
##..†...#
###..<....#
##....†....#
#..@...!...#
#.Z........#
###5.........#
###............#
#....##....###..
#....#########
#.. .......
....... .......


You could see a wyvern zombie (ally target) and a friendly crimson imp
(summoned).

Vanquished Creatures
  A water moccasin (D:6)
  A black bear (D:6)
  A sky beast (D:7)
  An ogre (D:6)
  A centaur (D:6)
  2 kobold brigands (D:3)
  A bullfrog (D:5)
  Blork the orc (D:5)
  A gnoll sergeant (D:6)
  3 scorpions
  A water moccasin skeleton (D:6)
  6 killer bees (D:7)
  5 wights
  An orc priest (D:6)
  A bullfrog skeleton (D:5)
  A gnoll shaman (D:5)
  2 hounds (D:6)
  11 gnolls
  5 adders
  3 shadow imps
  A worm (D:2)
  7 dart slugs
  3 orcs
  5 ball pythons
  2 bats
  4 endoplasms
  A giant cockroach (D:1)
  4 goblins
  7 hobgoblins
  2 jackals (D:3)
  7 kobolds
  6 quokkas
  A frilled lizard (D:2)
  11 rats
110 creatures vanquished.

Notes
Turn   | Place    | Note
-------+----------+-------------------------------------------
     0 | D:1      | Hasart the Mummy Venom Mage began the quest for the Orb.
     0 | D:1      | Reached XP level 1. HP: 13/13 MP: 4/4
    58 | D:1      | Reached skill level 1 in Transmutations
   225 | D:1      | Reached XP level 2. HP: 19/19 MP: 2/5
  1033 | D:1      | Found Tyacen's Book Boutique.
  1039 | D:1      | Learned a level 2 spell: Poisonous Vapours
  1167 | D:2      | Found a sparkling altar of Nemelex Xobeh.
  1187 | D:2      | Reached XP level 3. HP: 23/24 MP: 2/7
  1655 | D:2      | Noticed a scorpion
  1659 | D:2      | Reached XP level 4. HP: 30/30 MP: 2/9
  1867 | D:2      | Reached XP level 5. HP: 35/35 MP: 7/10
  3310 | D:3      | Reached XP level 6. HP: 41/41 MP: 9/12
  4247 | D:5      | Entered Level 5 of the Dungeon
  4253 | D:5      | Found a staircase to the Ecumenical Temple.
  4269 | Temple   | Entered the Ecumenical Temple
  4330 | Temple   | Became a worshipper of Ashenzari the Shackled
  5303 | D:6      | Noticed Blork the orc
  5346 | Temple   | Learned a level 3 spell: Ignite Poison
  5350 | Temple   | Learned a level 3 spell: Mephitic Cloud
  5353 | Temple   | Learned a level 2 spell: Call Imp
  5993 | D:5      | Reached XP level 7. HP: 38/46 MP: 4/14
  6521 | D:5      | Learned a level 4 spell: Olgreb's Toxic Radiance
  6543 | D:5      | Killed Blork the orc
  6868 | D:5      | Reached skill level 1 in Conjurations
  6972 | D:6      | Reached skill level 5 in Spellcasting
  7013 | D:6      | Reached skill level 1 in Summonings
  7013 | D:6      | Reached skill level 1 in Fire Magic
  7013 | D:6      | Reached skill level 1 in Air Magic
  7013 | D:6      | Reached skill level 5 in Poison Magic
  7294 | D:6      | Reached XP level 8. HP: 52/52 MP: 7/15
  8184 | D:7      | Slain by a wyvern zombie

Illustrated notes

Levels and vault maps discovered:
D:1:      lemuel_arrival_behind_the_door_small, layout_basic, serial_shops,
          nicolae_shop_behind_doors
D:2:      layout_loops_ring, nemelex_xobeh_ov_fountains_minmay
D:3:      layout_loops_cross, st_stairs_11, corner_web_ring
D:4:      layout_basic
D:5:      layout_basic, minmay_temple_entry_offerings
D:6:      layout_rooms, uniq_blork_the_orc
D:7:      layout_cave_pods
Temple:   nicolae_temple_the_god_donut

Skill      XL: |  1  2  3  4  5  6  7  8 |
---------------+-------------------------+-----
Transmutations | 1 2 3 |  3.6
Spellcasting   | 3 4 5 6 |  6.0
Dodging        | 2 3 |  3.0
Poison Magic   | 3 4 5 6 |  6.0
Conjurations   | 1 2 |  2.3
Summonings     | 1 2 |  2.3
Fire Magic     | 1 2 |  2.3
Air Magic      | 1 2 |  2.2
Stealth        | |  1.5

Action                   |  1- 3 |  4- 6 |  7- 9 || total
-------------------------+-------+-------+-------++-------
Melee: Unarmed           |     4 |       |       ||     4
       Short sword       |     1 |    14 |    15 ||    30
       Quarterstaff      |       |     3 |       ||     3
       Spear             |       |       |    11 ||    11
 Cast: Sting             |    57 |   120 |    61 ||   238
       Poisonous Vapours |       |     5 |    20 ||    25
       Mephitic Cloud    |       |     2 |     5 ||     7
       Ignite Poison     |       |     2 |     5 ||     7
       Call Imp          |       |     2 |     2 ||     4
       Olgreb's Toxic Ra |       |       |     4 ||     4
Armor: Robe              |     8 |     7 |     5 ||    20
Dodge: Dodged            |    19 |    53 |    45 ||   117
Block: Other             |       |    14 |    13 ||    27
       Reflection        |       |     1 |     1 ||     2

Table legend: (Time is in decaauts)
 A = Elapsed time spent in this place.
 B = Non-inter-level travel time spent in this place.
 C = Inter-level travel time spent in this place.
 D = Time resting spent in this place.
 E = Time spent auto-exploring this place.
 F = Levels seen in this place.
 G = Mean time per level.
                   A        B        C        D        E       F      G
               +--------+--------+--------+--------+--------+-----+--------+
         Total |   8192 |   7963 |    229 |    645 |   6130 |   8 | 1024.0 |
       Dungeon |   7887 |   7658 |    229 |    645 |   5876 |   7 | 1126.7 |
        Temple |    305 |    305 |      0 |      0 |    254 |   1 |  305.0 |
               +--------+--------+--------+--------+--------+-----+--------+

Top non-repeatable levels by time:
     D:5: 1928 daAuts
     D:2: 1303 daAuts
     D:1: 1166 daAuts
     D:4: 1103 daAuts
     D:3: 1086 daAuts
     D:6: 1026 daAuts
  Temple: 305 daAuts
     D:7: 272 daAuts
